[Event "*** Titled Tuesday Blitz"]
[Site "Chess.com"]
[Date "2020.12.01"]
[Round "3"]
[White "Pikachess999"]
[Black "Isajevsky_Anton"]
[Result "0-1"]
[WhiteElo "2352"]
[BlackElo "2566"]
[TimeControl "180+1"]
[EndTime "10:28:53 PST"]
[Termination "Isajevsky_Anton won by resignation"]

1. e4 c5 2. a3 g6 3. h4 h5 4. d4 Bg7 5. Nf3 cxd4 6. Nxd4 Nc6 7. Be3 Nf6 8. Nc3 Ng4 9. Nxc6 bxc6 10. Bd4 Bxd4 11.
Qxd4 e5 12. Qc5 Qe7 13. Qxe7+ Kxe7 14. f3 Nf6 15. O-O-O d6 16. Bc4 Be6 17. Bxe6 fxe6 18. Rd3 Rhg8 19. Ne2 g5 20. hxg5 Rxg5 21. g3 d5 22. f4 exf4 23. gxf4 Rg2 24. e5 Rxe2 25. exf6+ Kxf6 26. Rxh5 Rg8 27. Rh1 c5 28. Rc3 c4 29.
b3 Rgg2 30. bxc4 d4 31. Rd3 Rxc2+ 32. Kb1 Rxc4 33. Rhd1 Ra4 34. Rxd4 Rxa3 35. Re4 Ra6 36. Rde1 Rb6+ 37. Ka1 Rc2 38. Re5 Rc4 39. R5e2 Rxf4 40. Ra2 a6 41. Ra5 Rf5 42. Ra4 e5 43. Ka2 Re6 44.
Re2 Rf4 45. Ra3 Kf5 46. Rh3 e4 47. Rh5+ Kg4 48. Ra5 e3 49. Kb3 Rf2 50. Raa2 Rxe2 51. Rxe2 Kf3 52. Re1 e2 0-1

[Event "*** Titled Tuesday Blitz"]
[Site "Chess.com"]
[Date "2020.12.01"]
[Round "3"]
[White "Artyom_ChessMate"]
[Black "YIYUKI"]
[Result "1-0"]
[WhiteElo "2538"]
[BlackElo "2328"]
[TimeControl "180+1"]
[EndTime "10:28:53 PST"]
[Termination "Artyom_ChessMate won on time"]

1. e4 c6 2. d4 d5 3. exd5 cxd5 4. Bd3 Nc6 5. c3 Nf6 6. Bf4 Bg4 7. Qb3 Qc8 8. Nd2 e6 9. Ngf3 Be7 10. O-O Bh5 11. Rae1 Bg6 12. Qc2 O-O 13. Bxg6 hxg6 14. Qd3 b5 15.
Ng5 Nh5 16. Qh3 Bxg5 17. Bxg5 b4 18. g4 Nf6 19. Bxf6 gxf6 20. Qh6 e5 21. Kh1 exd4 22. cxd4 Re8 23. Rc1 Re2 24. Rg1 Qf8 25. Qf4 Rc8 26. Nb3 Qe7 27. Na5 Re4 28. Nxc6 Qe6 29. Ne7+ Qxe7 30.
Rxc8+ Kg7 31. Qg3 Qd7 32. Rcc1 Rxd4 33. Rcd1 Re4 34. Qf3 Qe6 35. h3 d4 36. Rd3 a5 37.
Rgd1 a4 38. Rxd4 Re2 39. R4d3 Rxb2 40. Re3 Qxa2 41. Rf1 a3 42. g5 f5 43. Qf4 Rd2 44. Qe5+ Kh7 45. Qf6 Rd7 46. Re8 1-0

[Event "*** Titled Tuesday Blitz"]
[Site "Chess.com"]
[Date "2020.12.01"]
[Round "3"]
[White "mirciulica14"]
[Black "youngKID"]
[Result "0-1"]
[WhiteElo "2595"]
[BlackElo "2848"]
[TimeControl "180+1"]
[EndTime "10:28:54 PST"]
[Termination "youngKID won on time"]

1. d4 Nf6 2. c4 g6 3. g3 Bg7 4. Bg2 c5 5. Nf3 cxd4 6. Nxd4 Nc6 7. O-O h5 8. h4 O-O 9. Nc3 d6 10. Nxc6 bxc6 11. Bxc6 Bh3 12. Bg2 Bxg2 13. Kxg2 Rc8 14. Qd3 Qc7 15. b3 d5 16. Ba3 dxc4 17. bxc4 Rfd8 18.
Qf3 Qxc4 19. Bxe7 Re8 20. Bxf6 Bxf6 21. Qxf6 Qxc3 22. Qxc3 Rxc3 23. e3 Rc2 24. Rfc1 Rd2 25. Rd1 Rc2 26. Rdc1 Rec8 27. Rxc2 Rxc2 28. a4 a5 29. Rd1 Ra2 30. Rd4 Kg7 31. Kf3 Kf6 32. g4 hxg4+ 33. Rxg4 Ke5 34. Rd4 f6 35. Kg3 Ke6 36.
Rc4 Kd5 37. Rd4+ Ke6 38. f4 f5 39. Rc4 Ra3 40. Kf3 Kf6 41. Rc6+ Kg7 42. Rc4 Kh6 43.
Rd4 Kh5 44. Rd8 Kh6 45. Rh8+ Kg7 46. Ra8 Rxa4 47. Ra7+ Kh6 48. Ra8 Ra1 49. Kg3 a4 50.
Rh8+ Kg7 51. Ra8 a3 52. Kg2 a2 53. Ra7+ Kh6 54. Ra6 Kh5 55. Kh2 Kxh4 56. Kg2 Kh5 57. Kh2 Kg4 58. Kg2 Kh5 59. Kh2 Kh6 60. Kg2 Kg7 61.
Kh2 Kf7 62. Kg2 Ke7 63. Kh2 Kd7 64. Kg2 Kc7 65. Kh2 Kb7 66. Ra3 Kc6 67. Kg2 Kd5 68. Ra8 Ke4 69. Ra4+ Kxe3 70. Kh2 Kf3 0-1

[Event "*** Titled Tuesday Blitz"]
[Site "Chess.com"]
[Date "2020.12.01"]
[Round "3"]
[White "MFBerna"]
[Black "szabadaba"]
[Result "1-0"]
[WhiteElo "2426"]
[BlackElo "2657"]
[TimeControl "180+1"]
[EndTime "10:28:54 PST"]
[Termination "MFBerna won on time"]

1. d4 d5 2. c4 c6 3. Nf3 Nf6 4. e3 a6 5. b3 b5 6. Nbd2 Bf5 7. Bb2 e6 8. Be2 Nbd7 9. O-O h6 10. Rc1 Bb4 11. Ne5 Nxe5 12. dxe5 Nd7 13. Nf3 Bc5 14.
Bd3 Bg4 15. h3 Bh5 16. g4 Bg6 17. cxd5 cxd5 18. Bd4 Bxd3 19. Qxd3 Rc8 20. Qc2 O-O 21. Qd2 Qb6 22. Bxc5 Rxc5 23. Qd4 Rfc8 24. Rxc5 Qxc5 25. Qf4 Qc2 26. h4 Qe4 27. Rd1 Qxf4 28. exf4 Rc2 29.
Rd2 Rc1+ 30. Kg2 Nc5 31. Nd4 Ne4 32. Rc2 Rd1 33. Nc6 d4 34. Nb4 a5 35. Rc8+ Kh7 36.
Nc6 Rc1 37. Ne7 Rxc8 38. Nxc8 d3 39. Kf3 d2 40. Ke2 Nxf2 41. Kxd2 Nxg4 42. Nd6 Nf2 43. Nxf7 Ne4+ 44. Kd3 Nc5+ 45. Kd4 Na6 46. Nd8 Nb4 47.
a4 bxa4 48. bxa4 Kg6 49. Nxe6 1-0

[Event "*** Titled Tuesday Blitz"]
[Site "Chess.com"]
[Date "2020.12.01"]
[Round "3"]
[White "anon102030"]
[Black "ambaixador"]
[Result "1-0"]
[WhiteElo "2722"]
[BlackElo "2432"]
[TimeControl "180+1"]
[EndTime "10:28:55 PST"]
[Termination "anon102030 won on time"]

1. e4 c6 2. d3 d5 3. Nd2 g6 4. g3 Bg7 5. Bg2 Nf6 6. Ngf3 O-O 7. O-O Re8 8. e5 Nfd7 9. d4 Nf8 10. c3 c5 11. dxc5 Nc6 12. Re1 a5 13. Nb3 Ne6 14. Ng5 a4 15. Nxe6 Bxe6 16. Nd4 Nxe5 17. Nxe6 fxe6 18.
Bf4 Nd7 19. Rxe6 Nxc5 20. Re2 e6 21. Be5 Nd7 22. Bxg7 Kxg7 23. Qd4+ Qf6 24. Rae1 Qxd4 25. cxd4 Kf7 26. Rc1 Rec8 27. Rec2 Rxc2 28. Rxc2 Ke7 29. Bf1 Kd6 30. Bb5 Ra5 31. Bd3 a3 32. b3 Ra8 33.
f3 Nb6 34. Kf2 Rc8 35. Ke3 Rxc2 36. Bxc2 Nd7 37. Kf4 b5 38. Kg5 e5 39. Kh6 exd4 40.
Kxh7 Ne5 41. f4 Nf3 42. Bd1 Ne1 43. Kxg6 Nd3 44. h4 Nc1 45. h5 Nxa2 46. h6 Nb4 47. h7 a2 48. h8=Q a1=Q 49. Qf8+ Kc6 50. Bf3 1-0

[Event "*** Titled Tuesday Blitz"]
[Site "Chess.com"]
[Date "2020.12.01"]
[Round "3"]
[White "MathiasWomacka"]
[Black "parintele_chess"]
[Result "1-0"]
[WhiteElo "2486"]
[BlackElo "2189"]
[TimeControl "180+1"]
[EndTime "10:28:55 PST"]
[Termination "MathiasWomacka won by resignation"]

1. e4 c5 2. Nf3 Nc6 3. d4 cxd4 4. Nxd4 Nf6 5. Nc3 h5 6. Nxc6 bxc6 7. e5 Ng4 8. f4 Qb6 9. Qf3 e6 10. h3 Nh6 11. Qxh5 Bb4 12. Bd3 a5 13. Bd2 a4 14.
Qe2 Nf5 15. Ne4 Bxd2+ 16. Qxd2 Qxb2 17. O-O Qd4+ 18. Kh2 d5 19. exd6 Nxd6 20. Nxd6+ Qxd6 21. Kh1 Qd5 22. Qe3 f5 23. c4 Qd6 24. Rad1 Qa3 25.
Qe5 Kf7 26. Rd2 Ba6 27. Rfd1 Rad8 28. Bxf5 Qe7 29. Rxd8 Rxd8 30. Rxd8 Qxd8 31. Bxe6+ Kf8 32. Qf5+ Ke7 33. Qf7+ Kd6 34. Bg4 Qa5 35. Qxg7 Qe1+ 36. Kh2 Qe3 37. Qf6+ Kc5 38. Bf3 Bxc4 39. Qxc6+ Kd4 40.
Qb6+ Kd3 41. Qxe3+ Kxe3 42. a3 Kxf4 43. h4 Be6 44. Bd1 Bf5 45. g3+ Ke3 46. Bxa4 Kf2 47. Bc6 Bg4 48. a4 1-0

[Event "*** Titled Tuesday Blitz"]
[Site "Chess.com"]
[Date "2020.12.01"]
[Round "3"]
[White "hermionegrangermagic"]
[Black "Oleksandr_Bortnyk"]
[Result "0-1"]
[WhiteElo "2618"]
[BlackElo "2881"]
[TimeControl "180+1"]
[EndTime "10:28:56 PST"]
[Termination "Oleksandr_Bortnyk won by checkmate"]

1. e4 Nf6 2. e5 Nd5 3. d4 d6 4.
exd6 exd6 5. c4 Nb6 6. Nc3 Be7 7. Bd3 O-O 8. Nge2 Nc6 9. b3 Bg4 10. f3 Bh4+ 11. Kf1 Bh5 12. Ng3 Bg6 13. Bxg6 fxg6 14. Bb2 Qd7 15. c5 Nc8 16. d5 Ne5 17. Nce4 Ne7 18.
Bxe5 dxe5 19. d6 Nf5 20. Nxf5 gxf5 21. Ng3 Qb5+ 22. Qe2 Qxc5 23. dxc7 Qxc7 24. Qc4+ Qxc4+ 25. bxc4 Rac8 26. Rc1 b5 27. c5 Rc6 28. Ke2 Bxg3 29.
hxg3 Rfc8 30. Rhd1 Rxc5 31. Rd8+ Rxd8 32. Rxc5 Rd6 33.
Rxb5 Ra6 34. Rxe5 Rxa2+ 35. Ke3 g6 36. Re7 Ra4 37. Rb7 h6 38. Rc7 a5 39. Ra7 g5 40.
f4 g4 41. Ra8+ Kf7 42. Ra7+ Ke6 43. Ra6+ Kd5 44. Rxh6 Ra3+ 45. Kf2 Ra2+ 46. Kg1 a4 47. Rf6 Ke4 48. Kh2 Rb2 49. Re6+ Kd4 50. Rd6+ Kc4 51. Rc6+ Kb5 52. Rc1 a3 53. Rd1 a2 54. Re1 Kb4 55. Rf1 Kb3 56. Re1 Rc2 57. Re3+ Kb2 58. Re1 a1=Q 59. Rxa1 Kxa1 60. Kg1 Kb2 61. Kh2 Kc3 62. Kg1 Kd3 63. Kh2 Ke3 64. Kg1 Rc7 65. Kh2 Kf2 66. Kh1 Rh7# 0-1

[Event "*** Titled Tuesday Blitz"]
[Site "Chess.com"]
[Date "2020.12.01"]
[Round "3"]
[White "PetrolulSah"]
[Black "jacky72"]
[Result "0-1"]
[WhiteElo "2221"]
[BlackElo "2707"]
[TimeControl "180+1"]
[EndTime "10:28:57 PST"]
[Termination "jacky72 won on time"]

1. d4 d5 2. Nf3 Nf6 3. g3 Bf5 4. Bg2 e6 5. O-O h6 6. c4 c6 7. Qb3 Qb6 8. c5 Qxb3 9. axb3 Nbd7 10. b4 a6 11. Nc3 Rc8 12. Bf4 Be7 13. Nd2 O-O 14.
Nb3 g5 15. Bd6 Rfe8 16. Na5 Bxd6 17. cxd6 Rb8 18. Na4 e5 19. Nc5 exd4 20. Rfe1 b6 21. Nxc6 bxc5 22. Nxb8 Rxb8 23. Rxa6 Rxb4 24. Ra8+ Kg7 25.
h3 Rxb2 26. g4 Be4 27. f3 Bg6 28. h4 gxh4 29. f4 Be4 30. g5 hxg5 31. fxg5 Ng4 32. Ra7 Bxg2 33. Rxd7 Bh3 34. Rc7 Ne5 35. Rxc5 d3 36.
Rxd5 Nd7 37. Rxd3 Bf5 38. Rd4 h3 39. Kh2 Kg6 40. Kg3 Kxg5 41. Rd5 Kg6 42. Rf1 Be6 43.
Rd4 Rxe2 44. Rg1 Kf5 45. Kf3 Ra2 46. Rh4 Ke5 47. Rh5+ Kxd6 48. Rd1+ Ke7 49. Re1 Nf6 50. Rh6 Nd5 51. Rxh3 Ra3+ 52. Kg2 Rxh3 53. Rxe6+ Kxe6 0-1

[Event "*** Titled Tuesday Blitz"]
[Site "Chess.com"]
[Date "2020.12.01"]
[Round "3"]
[White "Mr_Sinigami"]
[Black "Infernal_XaM"]
[Result "1-0"]
[WhiteElo "2560"]
[BlackElo "2829"]
[TimeControl "180+1"]
[EndTime "10:28:57 PST"]
[Termination "Mr_Sinigami won by resignation"]

1. d4 Nf6 2. Nf3 e6 3. Bf4 c5 4. e3 Nc6 5. c3 h6 6. Nbd2 d5 7. Bd3 Nh5 8. Be5 a6 9. O-O Nxe5 10. Nxe5 Nf6 11. f4 Bd6 12. f5 exf5 13. Bxf5 O-O 14. Qf3 Qe7 15. Bxc8 Raxc8 16. Nd3 Rfe8 17. Rae1 Ne4 18.
Qe2 c4 19. Nf4 Nxd2 20. Qxd2 Qg5 21. Qd1 Re4 22. Qf3 Rce8 23. g3 b5 24. a3 a5 25.
Ng2 Qe7 26. Kh1 g6 27. Kg1 b4 28. axb4 axb4 29. Ra1 b3 30. Ra6 f5 31. Rfa1 Qd7 32.
R6a5 Qe6 33. Ra6 Kg7 34. Ra7+ Re7 35. R7a6 h5 36. Rb6 Rd7 37. Raa6 Qe7 38. Kf2 Kf7 39.
Nf4 Bxf4 40. gxf4 Qh4+ 41. Qg3 Qxg3+ 42. hxg3 Rde7 43. Rf6+ Ke8 44. Ra8+ Kd7 45. Ra7+ Ke8 46. Ra8+ Kd7 47. Ra7+ Kd8 48. Rxe7 Rxe7 49. Rxg6 Ra7 50. Rg8+ Kc7 51. Rg7+ Kb6 52. Rxa7 Kxa7 53. Kg2 Kb6 54. Kh3 1-0

[Event "*** Titled Tuesday Blitz"]
[Site "Chess.com"]
[Date "2020.12.01"]
[Round "3"]
[White "Rap_woyska"]
[Black "Pertinhez76"]
[Result "1-0"]
[WhiteElo "2460"]
[BlackElo "2031"]
[TimeControl "180+1"]
[EndTime "10:28:57 PST"]
[Termination "Rap_woyska won by checkmate"]

1. c4 e5 2. Nc3 Nf6 3. Nf3 Nc6 4. e3 d5 5. cxd5 Nxd5 6. Bb5 Nxc3 7. bxc3 Bd6 8. e4 O-O 9. O-O Bg4 10. h3 Bh5 11. Re1 Qf6 12. g4 Bg6 13. Bf1 Rad8 14.
d3 h6 15. Be3 b6 16. Nd2 Qe7 17. Qc2 f6 18. Nf3 Bc5 19. Nh4 Bh7 20. Nf5 Bxf5 21. exf5 Bxe3 22. Rxe3 Qc5 23. Bg2 Rd6 24. Be4 Rfd8 25.
Kg2 b5 26. Qb3+ Kh8 27. a3 a6 28. h4 Na5 29. Qb4 Qb6 30. g5 fxg5 31. hxg5 c5 32. Qb2 hxg5 33. Rg3 Rh6 34. Rxg5 Qf6 35. Rg4 c4 36.
Qb4 Nb3 37. Rg1 Nd2 38. Qb2 Nxe4 39. dxe4 Rd3 40. Qc1 Rh7 41. Kf1 Qd6 42. Ke2 Qc6 43. Qg5 Qd7 44. f6 g6 45. Rh4 Rh3 46. Rxh7+ Rxh7 47. Rd1 Qb7 48. Rd8# 1-0

[Event "*** Titled Tuesday Blitz"]
[Site "Chess.com"]
[Date "2020.12.01"]
[Round "3"]
[White "TheCavemanChesss"]
[Black "ElGasanov"]
[Result "1/2-1/2"]
[WhiteElo "2486"]
[BlackElo "2728"]
[TimeControl "180+1"]
[EndTime "10:28:58 PST"]
[Termination "Game drawn by repetition"]

1. e4 c5 2. Nf3 Nc6 3. d4 cxd4 4.
Nxd4 Nf6 5. Nc3 g6 6. Nxc6 dxc6 7. Qxd8+ Kxd8 8. e5 Ng4 9. Bf4 Bg7 10. O-O-O+ Bd7 11. Ne4 Kc8 12. h3 Nxe5 13. Nc5 Rd8 14. Re1 f6 15.
Bxe5 fxe5 16. Nxd7 Kxd7 17. Bc4 Rf8 18. Re2 Rf4 19.
Bd3 Raf8 20. f3 Bf6 21. Be4 Bg5 22. Kb1 Kc7 23. c3 Rd8 24. Kc2 b5 25. g3 Rf6 26.
h4 Bh6 27. h5 Bg5 28. hxg6 hxg6 29. Rh7 Rfd6 30. Rhh2 a5 31. Ref2 Kb6 32. Re2 Kc5 33. b3 b4 34. Rhf2 Rd1 35. f4 exf4 36. gxf4 Bf6 37. cxb4+ axb4 38. Rd2 R8xd2+ 39. Rxd2 Rf1 40. Bxg6 Rxf4 41. Bd3 Rh4 42. Re2 Rh1 43. Be4 Ra1 44. Kd3 Rd1+ 45. Rd2 Rc1 46. Rc2+ Rxc2 47. Kxc2 Kd6 48.
Kd3 c5 49. Bg2 Bd4 50. Ke4 Ke6 51. Bf1 Kf6 52. Bc4 Kg5 53. Kd5 Kf4 54. Ke6 Bf6 55. Kd5 Bd4 56. Ke6 Bf6 57. Kd5 Bd4 1/2-1/2

[Event "*** Titled Tuesday Blitz"]
[Site "Chess.com"]
[Date "2020.12.01"]
[Round "3"]
[White "AsselLesbekova"]
[Black "sokidze"]
[Result "1-0"]
[WhiteElo "2308"]
[BlackElo "2503"]
[TimeControl "180+1"]
[EndTime "10:28:59 PST"]
[Termination "AsselLesbekova won by resignation"]

1. e4 c5 2. Nf3 Nc6 3. Bb5 g6 4.
O-O Bg7 5. Re1 e5 6. c3 Nge7 7. d3 O-O 8. Be3 d6 9. d4 cxd4 10.
cxd4 Bg4 11. d5 Nd4 12. Bxd4 exd4 13. Nbd2 Rc8 14. Be2 Bxf3 15. Nxf3 Qb6 16. Qd2 Rc7 17. Rac1 Rfc8 18. Rxc7 Rxc7 19. Rc1 Rxc1+ 20. Qxc1 h5 21. Bd3 Qd8 22. Nd2 Nc8 23. Nc4 Nb6 24. Nxb6 Qxb6 25. b3 Qa5 26. a4 Qb4 27. Qc2 Qe1+ 28. Bf1 Bf6 29. Qe2 Qc3 30. Qd3 Qc1 31. g3 Kg7 32. Qc4 Qe1 33. Qe2 Qb1 34. Qd3 Qb2 35. h4 a6 36. Qc4 Qd2 37. Qd3 Qe1 38. Qe2 Qc1 39. Qc4 Qh6 40. Qc7 g5 41. Qxd6 gxh4 42. e5 Bg5 43. e6 hxg3 44. Qxg3 h4 45. Qe5+ Bf6 46. Qc7 Qg5+ 47. Kh1 Qg6 48. Bd3 Qxd3 49. Qxf7+ Kh8 50. Qxf6+ Kh7 51. Qxh4+ Kg6 52. Qg4+ Kf6 53. Qf4+ Ke7 54. Qf7+ Kd6 55. Qd7+ Ke5 56. Qc7+ Kxd5 57. Qd7+ Ke5 58. e7 Qf1+ 59. Kh2 Qxf2+ 60. Kh3 Qf3+ 61. Kh4 Qf4+ 62. Qg4 Qf6+ 63. Qg5+ Qxg5+ 64. Kxg5 1-0

[Event "*** Titled Tuesday Blitz"]
[Site "Chess.com"]
[Date "2020.12.01"]
[Round "3"]
[White "biostatistician"]
[Black "Logman74"]
[Result "1-0"]
[WhiteElo "2573"]
[BlackElo "2359"]
[TimeControl "180+1"]
[EndTime "10:29:00 PST"]
[Termination "biostatistician won on time"]

1. d4 Nf6 2. Nf3 e6 3. c4 Bb4+ 4. Nbd2 O-O 5. a3 Bxd2+ 6. Bxd2 b6 7. Bg5 Bb7 8. Nd2 h6 9. Bh4 d5 10. e3 Nbd7 11. cxd5 exd5 12. b4 c5 13. bxc5 bxc5 14.
Rb1 Bc6 15. Rc1 Qa5 16. Be2 Ne4 17. Be7 Rfe8 18. Bxc5 Ndxc5 19. dxc5 d4 20. exd4 Nc3 21. Rxc3 Qxc3 22. O-O Qxd4 23. Nb3 Qd5 24. Bf3 Qxd1 25. Rxd1 Bxf3 26. gxf3 Rab8 27. Na5 Rb5 28. Nc6 Rxc5 29. Nxa7 Re7 30. Rd8+ Kh7 31. Nc8 Re1+ 32. Kg2 Rg5+ 33.
Kh3 Reg1 34. Rd4 Rh5+ 35. Rh4 Rxh4+ 36. Kxh4 g5+ 37. Kh3 Kg6 38. Ne7+ Kh5 39. a4 Ra1 40. Kg2 Rxa4 41. Nf5 Kg6 42. Ng3 f5 43. Ne2 h5 44.
Nc3 Ra3 45. Nd5 h4 46. h3 Ra2 47. Ne3 Kf6 48. Nd5+ Ke5 49. Ne3 Ra5 50. Nc4+ Kf4 51.
Nxa5 g4 52. fxg4 fxg4 53. hxg4 Kxg4 54. Nc4 h3+ 55. Kg1 Kf3 56. Nd2+ Kf4 57. Kh2 Kg4 58. f3+ 1-0

[Event "*** Titled Tuesday Blitz"]
[Site "Chess.com"]
[Date "2020.12.01"]
[Round "3"]
[White "03revilo"]
[Black "Neftegor"]
[Result "1-0"]
[WhiteElo "2333"]
[BlackElo "2517"]
[TimeControl "180+1"]
[EndTime "10:29:00 PST"]
[Termination "03revilo won by checkmate"]

1. e4 e5 2. Nf3 Nc6 3. Bc4 Bc5 4. O-O d6 5. c3 Nf6 6. d3 a6 7.
Bb3 Ba7 8. Re1 O-O 9. h3 h6 10.
Nbd2 Nh5 11. Nf1 Qf6 12. Be3 Nf4 13. Bxa7 Rxa7 14. Ne3 Qg6 15. Nh4 Nxh3+ 16. Kh2 Qf6 17. Nhf5 Nf4 18. g3 Bxf5 19. exf5 e4 20. gxf4 Qh4+ 21. Kg1 Qxf4 22. dxe4 Ne5 23. Nd5 Qg5+ 24. Kf1 Qh4 25. Re3 Ng4 26. Rg3 Qh1+ 27. Ke2 Qxe4+ 28. Kf1 Re8 29. Qxg4 Qxg4 30. Rxg4 h5 31. Rg2 c6 32. Ne3 d5 33. Re1 Raa8 34. Nc2 Kf8 35. Rxe8+ Rxe8 36. Rg3 Re5 37. Re3 Rxf5 38. Nd4 Rg5 39. Bc2 g6 40.
Nf3 Rg4 41. Ke2 Rf4 42. Ne5 Kg7 43. Nd3 Rf6 44. Nc5 h4 45. Nxb7 h3 46. Rxh3 Re6+ 47. Re3 Re7 48. Nc5 Rc7 49. Nxa6 Ra7 50. Nb4 Rxa2 51.
Nxa2 d4 52. cxd4 c5 53. Rc3 g5 54. dxc5 g4 55. c6 Kf6 56. c7 Ke5 57. c8=Q f5 58.
Qc7+ Kf6 59. Rc6+ Kg5 60. Qg7+ Kf4 61. Rc4# 1-0

[Event "*** Titled Tuesday Blitz"]
[Site "Chess.com"]
[Date "2020.12.01"]
[Round "3"]
[White "GMaka"]
[Black "nitpicker"]
[Result "1-0"]
[WhiteElo "2446"]
[BlackElo "2261"]
[TimeControl "180+1"]
[EndTime "10:29:00 PST"]
[Termination "GMaka won on time"]

1. d4 Nf6 2. c4 e6 3. Nc3 Bb4 4. e3 d5 5. a3 Bd6 6. c5 Be7 7. f4 O-O 8. Bd3 c6 9. Nf3 Nbd7 10. Ne5 Ne8 11. Qh5 g6 12. Qh6 Bf6 13. Bd2 Bg7 14.
Qh3 Nxe5 15. fxe5 f6 16. exf6 Rxf6 17. Qg3 Rf7 18. h4 Nf6 19. Be2 e5 20. O-O-O Bf5 21. h5 Ne4 22. Nxe4 Bxe4 23. hxg6 hxg6 24. Bc3 Qe7 25.
Bd3 exd4 26. Bxd4 Re8 27. Qh3 Bxd4 28. exd4 Rh7 29. Qg3 Rxh1 30. Rxh1 Bxd3 31. Qxd3 Qe3+ 32. Kc2 Qe2+ 33. Qd2 Qc4+ 34. Kb1 Re2 35. Qb4 Qxb4 36. axb4 Rxg2 37. Re1 Rf2 38. Re7 Rf7 39. Re8+ Kg7 40. Re5 Kf6 41. b5 g5 42. bxc6 bxc6 43. Re3 g4 44.
Kc2 Kf5 45. Kd2 Kf4 46. Ke2 Rf6 47. Re8 Rg6 48. Kf2 g3+ 49. Kg2 Rh6 50. Re7 Rh2+ 51.
Kg1 Rxb2 52. Rxa7 Ke4 53. Rc7 1-0

[Event "*** Titled Tuesday Blitz"]
[Site "Chess.com"]
[Date "2020.12.01"]
[Round "3"]
[White "ljuks68"]
[Black "Vandros57"]
[Result "1-0"]
[WhiteElo "2383"]
[BlackElo "2149"]
[TimeControl "180+1"]
[EndTime "10:29:00 PST"]
[Termination "ljuks68 won on time"]

1. e4 c5 2. Nf3 Nc6 3. d4 cxd4 4. Nxd4 e5 5. Nb5 a6 6. Nd6+ Bxd6 7. Qxd6 Qe7 8. Qd1 Nf6 9. Nc3 d6 10. Bg5 Be6 11.
Nd5 Bxd5 12. exd5 Nb8 13. Be2 Nbd7 14. c4 O-O 15. O-O h6 16. Be3 a5 17. b3 b6 18. a3 Nh7 19. b4 axb4 20. axb4 f5 21. f3 f4 22. Bf2 Nhf6 23. Bd3 e4 24. fxe4 Nxe4 25. Re1 Nxf2 26. Rxe7 Nxd1 27. Rxa8 Rxa8 28. Rxd7 Ra1 29. Bg6 Kf8 30. Rf7+ Kg8 31. Re7 Ne3+ 32. Kf2 Ng4+ 33. Kf3 Ne5+ 34. Ke4 Nxg6 35. Re6 Kf7 36. Rxd6 Re1+ 37. Kd4 Rg1 38. Rxb6 Rxg2 39. Rb7+ Kf6 40. d6 Ne5 41. d7 f3 42. Ke3 Nxd7 43. Rxd7 Re2+ 44.
Kxf3 Rb2 45. b5 Rxh2 46. b6 Rc2 47. b7 Rb2 48. c5 Ke6 49. c6 Rb6 50. Rxg7 Kd6 51.
c7 Rxb7 52. c8=Q Rxg7 53. Kf4 Re7 54. Kf5 Re5+ 55. Kf6 Rc5 56. Qd8+ Kc6 57. Ke6 Kb5 58. Qd3+ Rc4 59. Kd5 1-0

[Event "*** Titled Tuesday Blitz"]
[Site "Chess.com"]
[Date "2020.12.01"]
[Round "3"]
[White "emiliochess"]
[Black "GothamChess"]
[Result "0-1"]
[WhiteElo "2353"]
[BlackElo "2567"]
[TimeControl "180+1"]
[EndTime "10:29:01 PST"]
[Termination "GothamChess won by checkmate"]

1. d4 Nf6 2. Bf4 d5 3. e3 e6 4. Bd3 c5 5. c3 Nc6 6. Nd2 Bd6 7.
Bg3 e5 8. dxe5 Nxe5 9. Bb5+ Bd7 10. Bxd7+ Qxd7 11. Bxe5 Bxe5 12. Ndf3 Bc7 13. Ne2 O-O 14.
Qc2 b6 15. Rd1 Qe7 16. Qf5 Rad8 17. O-O Rfe8 18. Rd2 Ne4 19. Rdd1 g6 20. Qh3 f5 21.
Qh4 Qxh4 22. Nxh4 a5 23. a4 Be5 24. Nf3 Bc7 25. Ng3 Bxg3 26. hxg3 Re7 27. Nd2 Nf6 28. Nb3 Kf7 29. Rd2 Ne4 30. Rdd1 h5 31. Kh2 Kf6 32.
f3 Ng5 33. e4 Red7 34. exd5 Rxd5 35. Rxd5 Rxd5 36. Rf2 Ne6 37. g4 hxg4 38. fxg4 f4 39. g3 Kg5 40. Kh3 Rd3 41. Rg2 c4 42. Nd2 fxg3 43.
Ne4+ Kf4 44. Nf6 Ng5+ 45. Kh4 Rd8 46. Rxg3 Rh8+ 47. Nh5+ gxh5 48. gxh5 Ne4 49. Rg4+ Kf5 50. Rg7 Nf6 51. Rb7 Rxh5+ 52. Kg3 Rg5+ 53. Kf3 Nd5 54. Rd7 Ke6 55. Rd8 Rf5+ 56. Ke4 Rf4# 0-1

[Event "*** Titled Tuesday Blitz"]
[Site "Chess.com"]
[Date "2020.12.01"]
[Round "3"]
[White "kasparicy"]
[Black "nonsopolo1"]
[Result "1/2-1/2"]
[WhiteElo "2359"]
[BlackElo "2183"]
[TimeControl "180+1"]
[EndTime "10:29:01 PST"]
[Termination "Game drawn - insufficient material"]

1. e4 d5 2. exd5 Qxd5 3. Nf3 g6 4. d4 Bg7 5. Be3 Nh6 6. Be2 Nf5 7. c4 Qd8 8. O-O O-O 9. Nc3 b6 10. Ne5 Bxe5 11.
dxe5 Qxd1 12. Raxd1 Nxe3 13. fxe3 Nd7 14. Bf3 Rb8 15.
Nd5 Nxe5 16. Nxe7+ Kg7 17. Nc6 Nxc6 18. Bxc6 Be6 19.
Bd5 Bxd5 20. cxd5 Rfe8 21. Kf2 Rbd8 22. Rd3 Rd6 23. Rc1 Re7 24. Ke2 f5 25. Rdc3 Rdd7 26. g3 Kf6 27. Rd1 Ke5 28. Rxc7 Rxc7 29. d6 Red7 30.
dxc7 Rxc7 31. Rd2 a5 32. Kf3 g5 33. h3 h5 34. g4 fxg4+ 35. hxg4 Rf7+ 36. Kg3 h4+ 37. Kg2 Ke4 38. Rd6 Kxe3 39. Rxb6 Rf4 40. Kh3 Rf3+ 41.
Kh2 Rf2+ 42. Kh3 Rf3+ 43. Kh2 Rg3 44. Rb3+ Kf2 45. Rb5 Rxg4 46. Rf5+ Ke3 47. Rxa5 Rb4 48. b3 g4 49. Rh5 h3 50. Kg3 Rd4 51. a4 Rb4 52. Re5+ Kd4 53. Rh5 Rxb3+ 54. Kxg4 Ra3 55. a5 Ra4 56. Kg3 Kc4 57. Kxh3 Kb4 58. Rh4+ Kxa5 59.
Rxa4+ Kxa4 1/2-1/2

[Event "*** Titled Tuesday Blitz"]
[Site "Chess.com"]
[Date "2020.12.01"]
[Round "3"]
[White "PSvidler"]
[Black "TimurGareyev"]
[Result "1-0"]
[WhiteElo "2861"]
[BlackElo "2607"]
[TimeControl "180+1"]
[EndTime "10:29:02 PST"]
[Termination "PSvidler won by resignation"]

1. c4 e5 2. g3 Nf6 3. Bg2 h5 4. Nf3 Nc6 5. Nc3 Bb4 6. Nd5 a5 7. a3 Be7 8. d3 d6 9. Nxe7 Nxe7 10. Bg5 Nh7 11. Bd2 c6 12. c5 dxc5 13. Nxe5 h4 14. Rc1 Qd6 15. Bf4 Qd4 16. Nc4 O-O 17. Be3 Qf6 18.
Bxc5 h3 19. Be4 Ng5 20. f4 Ne6 21. Bf2 Nd5 22. Qd2 Rd8 23. O-O Nd4 24. Bxd4 Qxd4+ 25. e3 Qf6 26. d4 Bf5 27. Bf3 Ne7 28. Nxa5 Rab8 29. Nc4 c5 30. d5 Nxd5 31. Bxd5 Be4 32. Bxe4 Rxd2 33. Nxd2 Qxb2 34. Rc2 Qxa3 35. Kf2 b5 36.
Rb1 Re8 37. Rxb5 Qa4 38. Bd3 Qa3 39. Rb3 Qa1 40. Bf1 Qd1 41. Rbc3 Rd8 42. Nf3 c4 43. Rxc4 g6 44. Bxh3 Rb8 45. Rd2 Qa1 46. Rc8+ Rxc8 47. Bxc8 Qh1 48. Bb7 Qb1 49. Bd5 Kg7 50. h4 Qh1 51. e4 Qa1 52. e5 Qh1 53. Ng5 Qh2+ 54. Bg2 1-0

[Event "*** Titled Tuesday Blitz"]
[Site "Chess.com"]
[Date "2020.12.01"]
[Round "3"]
[White "Mostii"]
[Black "emperor87"]
[Result "1/2-1/2"]
[WhiteElo "2481"]
[BlackElo "2729"]
[TimeControl "180+1"]
[EndTime "10:29:03 PST"]
[Termination "Game drawn by repetition"]

1. d4 Nf6 2. Nf3 e6 3. g3 c5 4.
Bg2 cxd4 5. O-O Nc6 6. Nxd4 Bc5 7. Nxc6 bxc6 8. b3 d5 9. Bb2 O-O 10. Nd2 a5 11. c4 a4 12. e4 Ba6 13. exd5 cxd5 14.
Rc1 Rb8 15. cxd5 Bxf1 16. Qxf1 Be7 17. Be5 Ra8 18. d6 Bxd6 19. Bxf6 Qxf6 20. Ne4 Qe7 21.
Nxd6 Qxd6 22. Bxa8 Rxa8 23. bxa4 h5 24. Qc4 Qa3 25. Rc2 Rb8 26. Kg2 g6 27. h4 Ra8 28.
Qb3 Qd6 29. Qc4 Qe5 30. Qc6 Ra5 31. Qc8+ Kg7 32. Qc3 Qxc3 33. Rxc3 Rxa4 34. a3 Kf6 35.
Kf1 Kf5 36. Rf3+ Ke5 37. Rxf7 Rxa3 38. Kg2 Ra4 39. Rf8 Ra5 40. Rf7 Ra8 41. Rf3 Ra7 42. Rf8 Rg7 43. Rf3 g5 44. hxg5 Rxg5 45. Kh3 Rg4 46. Re3+ Kf6 47. Rf3+ Kg6 48. Re3 Kf6 49.
Rf3+ Ke7 50. Re3 Rg5 51. Kh4 Rf5 52. f4 Kf7 53. Re5 Rxe5 54. fxe5 Kg6 55. g4 hxg4 56.
Kxg4 Kh6 57. Kh4 Kg6 58. Kg4 Kh6 59. Kh4 Kg6 60. Kg4 1/2-1/2

[Event "*** Titled Tuesday Blitz"]
[Site "Chess.com"]
[Date "2020.12.01"]
[Round "3"]
[White "Kaslask"]
[Black "Chamal_Gedgafov"]
[Result "0-1"]
[WhiteElo "2325"]
[BlackElo "2175"]
[TimeControl "180+1"]
[EndTime "10:29:03 PST"]
[Termination "Chamal_Gedgafov won by checkmate"]

1. d4 Nf6 2. c4 e6 3. Nf3 b6 4. a3 Ba6 5. Nbd2 d5 6. e3 Be7 7. Qc2 O-O 8. b4 c5 9. dxc5 bxc5 10.
b5 Bb7 11. Bb2 Nbd7 12. Bd3 d4 13. O-O dxe3 14. fxe3 Qc7 15. Rae1 Rad8 16. e4 e5 17. Nh4 g6 18. Ndf3 Nh5 19. Bc1 Bf6 20.
Ng5 Bg7 21. g3 Qd6 22. Rd1 f6 23. Ngf3 Qe7 24. Be3 Rfe8 25. a4 Nf8 26. a5 Ne6 27. Qc1 Nd4 28. Bh6 Bh8 29. Be3 Rd7 30. Ng2 Red8 31. Bxd4 exd4 32. Rde1 Re8 33. Nf4 Nxf4 34. Qxf4 Qd6 35. e5 fxe5 36. Nxe5 Bxe5 37. Qg4 Rde7 38.
Bf5 Bg7 39. Bd7 Rxe1 40. Bxe8 Rxe8 41. a6 Ba8 42. h4 Qe6 43. Qf4 Qe4 44. Qf7+ Kh8 45.
Rf3 Qxf3 46. Qxe8+ Qf8 47. Qd7 Bf6 48. Qxa7 d3 49. Qd7 Bd4+ 50. Kh2 Qf2+ 51. Kh3 Qf5+ 52. Qxf5 gxf5 53. h5 d2 54. Kh4 d1=Q 55. b6 Qg4# 0-1